 Dungeon Crawl Stone Soup version 0.17-a0-1534-gf98da79 (webtiles) character file.

94 George the Shield-Bearer (level 4, 0/61 HPs)
             Began as a Minotaur Fighter on July 17, 2015.
             Succumbed to a worker ant's poison
             ... on level 3 of the Dungeon.
             The game lasted 00:02:48 (1498 turns).

George the Shield-Bearer (Minotaur Fighter)         Turns: 1498, Time: 00:02:48

Health: 0/61       AC: 22    Str: 21    XL:     4   Next: 38%
Magic:  3/3        EV:  2    Int:  5    God:
Gold:   118        SH: 11    Dex: 15    Spells: 0 memorised, 3 levels left

rFire  . . .     SeeInvis .     a - +0 long sword
rCold  . . .     Clarity  .     (armour currently unavailable)
rNeg   + + +     SustAt   .     c - +1 shield
rPois  +         Gourm    .     (helmet currently unavailable)
rElec  .         Spirit   .     (cloak currently unavailable)
rCorr  .         Warding  .     (gloves currently unavailable)
rMut   .         NoTele   +     (boots currently unavailable)
MR     .....                    (no amulet)
Stlth  ++........               (no ring)
                                (no ring)

@: agile, lethally poisoned (0 -> -6), tree-form, very slightly contaminated,
hasted, very quick, not resistant to hostile enchantments, unstealthy
A: (retaliatory headbutt), (horns 0)
a: no special abilities


You were on level 3 of the Dungeon.
You were not hungry.
You were a tree.
You visited 1 branch of the dungeon, and saw 3 of its levels.

You collected 118 gold pieces.

Inventory:

Hand weapons
 a - a +0 long sword (weapon)
Armour
 b - a +0 scale mail (melded)
 c - a +1 shield (worn)
 k - a +0 pair of gloves (melded)
Scrolls
 l - a scroll of amnesia
Potions
 d - 2 potions of might
Comestibles
 e - 2 bread rations
 g - 2 fruits
 i - 3 meat rations


   Skills:
 + Level 4.4 Fighting
 + Level 3.2 Long Blades
 + Level 4.3 Armour
 + Level 4.6 Shields


You had 3 spell levels left.
You didn't know any spells.

Dungeon Overview and Level Annotations

Branches:
Dungeon (3/15)

Altars:
Nemelex Xobeh
Yredelemnul


Innate Abilities, Weirdness & Mutations

((You reflexively headbutt those who attack you in melee.))
((You have a pair of horns on your head.))


Message History

* * * LOW HITPOINT WARNING * * *
You feel sick. You block the jackal's attack.
You cannot move.
You closely miss the jackal.
* * * LOW HITPOINT WARNING * * *
You feel sick. You block the jackal's attack.
You miss the jackal.
* * * LOW HITPOINT WARNING * * *
You feel sick.
The jackal bites you but does no damage.
A jackal comes into view.
The jackal barks!
You closely miss the jackal.
You hear a bark! x3
You block the jackal's attack. x2
The jackal bites you but does no damage.
A jackal comes into view.
Unknown command.
You barely miss the jackal.
You die...

......# ......#
..... ....... ..#.#
......h
..######.#.##
.§..h.# ............
§§....#
#..........####hh..#
#..........##§♣h#
#...........§§### #
#...........###...#
#......†.(......#
#.............###
#..........#.##
.............#
#.######.....#.##
#.# #...†......


You could see 3 jackals.

Vanquished Creatures
  A worker ant (D:3)
  4 adders (D:2)
  A giant gecko (D:2)
  5 bats
  2 hobgoblins
  A jackal (D:3)
  5 kobolds
  3 quokkas
  2 ball pythons (D:1)
  2 giant cockroaches
  3 giant newts
  5 rats
34 creatures vanquished.

Notes
Turn   | Place    | Note
--------------------------------------------------------------
     0 | D:1      | George the Minotaur Fighter began the quest for the Orb.
     0 | D:1      | Reached XP level 1. HP: 19/19 MP: 0/0
   283 | D:1      | Reached XP level 2. HP: 27/27 MP: 1/1
   475 | D:2      | Found a basalt altar of Yredelemnul.
   519 | D:2      | Reached skill level 4 in Fighting
   908 | D:2      | Reached XP level 3. HP: 31/33 MP: 2/2
  1374 | D:2      | Found a sparkling altar of Nemelex Xobeh.
  1482 | D:3      | Reached XP level 4. HP: 19/41 MP: 3/3
  1492 | D:3      | HP: 3/61 [poisoned by a worker ant]
  1496 | D:3      | HP: 1/61 [poisoned by a worker ant]
  1498 | D:3      | Succumbed to a worker ant's poison

Vault maps used:
D:1:      minmay_arrival_diagonal_passages, kennysheep_minor_cross
D:2:      lemuel_crystal_altar, nemelex_deck
D:3:      nicolae_overflow_crystal_walls, nicolae_overflow_hidden_temple

Action                   |  1- 3 |  4- 6 || total
-------------------------+-------+-------++-------
Melee: Long sword        |   110 |     7 ||   117
  Use: Scroll            |       |     5 ||     5
       Potion            |       |     4 ||     4
  Eat: Chunk             |     2 |       ||     2
